 Dungeon Crawl Stone Soup version 0.29-a0-221-gceb61267dd (console) character file.

Game seed: 1852055390288126660

282 CannotBeFrozen the Shooter (level 6, -2/44 HPs)
             Began as a Human Hunter on Feb 26, 2022.
             Killed from afar by a steam dragon (23 damage)
             ... with a ball of steam
             ... on level 4 of the Dungeon.
             The game lasted 00:08:33 (3007 turns).

CannotBeFrozen the Shooter (Human Hunter)           Turns: 3007, Time: 00:08:34

Health: -2/44      AC:  5    Str: 12    XL:     6   Next: 53%
Magic:  6/6        EV: 12    Int: 12    God:
Gold:   122        SH:  0    Dex: 15    Spells: 5/5 levels left

rFire   . . .      SeeInvis .   a - +1 shortbow (freeze)
rCold   . . .      Faith    .   (shield currently unavailable)
rNeg    + . .      Spirit   .   d - +0 leather armour
rPois   .          Reflect  .   e - +1 helmet
rElec   .          Harm     .   (no cloak)
rCorr   .          Rampage  .   (no gloves)
Will    .....                   (no boots)
Stlth   +.........              (no amulet)
HPRegen 0.14/turn               k - ring of positive energy
MPRegen 0.10/turn               (no ring)

@: no status effects
A: no striking features
a: no special abilities


You were on level 4 of the Dungeon.
You visited 1 branch of the dungeon, and saw 4 of its levels.

You collected 122 gold pieces.

Inventory:

Hand Weapons
 a - a +1 shortbow of freezing (weapon)
 b - a +2 short sword of freezing
Missiles
 h - 5 javelins
 l - 4 poisoned darts
Armour
 d - a +0 leather armour (worn)
 e - a +1 helmet (worn)
Jewellery
 k - a ring of positive energy (left hand)
Wands
 c - a wand of flame (5)
Scrolls
 g - a scroll of identify {@r1}
 j - 2 scrolls of enchant armour
Potions
 i - a potion of curing {@q1}
 n - 2 potions of heal wounds {@q2}


   Skills:
 - Level 2.0 Fighting
 + Level 7.4 Bows
 - Level 2.0 Dodging
 - Level 1.0 Stealth


You had 5 spell levels left.
You didn't know any spells.
Your spell library contained the following spells:

 Spells                   Type           Power      Damage    Failure   Level
 Animate Skeleton         Necr           0%         N/A       38%         1
 Apportation              Tloc           0%         N/A       38%         1
 Summon Small Mammal      Summ           0%         N/A       38%         1
 Call Canine Familiar     Summ           0%         N/A       77%         3
 Gell's Gravitas          Tloc           0%         N/A       77%         3
 Lesser Beckoning         Tloc           0%         N/A       77%         3
 Portal Projectile        Hex/Tloc       0%         N/A       77%         3
 Teleport Other           Tloc           0%         N/A       77%         3
 Leda's Liquefaction      Hex/Erth       0%         N/A       99%         4


Dungeon Overview and Level Annotations

Branches:
Dungeon (4/15)
 Temple: D:4-7

Altars:


Message History

As you read the scroll labelled NOKELL HUSHORCH, it crumbles to dust.
It is a scroll of enchant armour.
Your +0 helmet glows green for a moment.
As you read the scroll labelled RIPPUOLONWY, it crumbles to dust.
It is a scroll of amnesia.
You feel forgetful for a moment.
Unknown command.
You see here a +0 leather armour.
Things that are here:
a +0 dagger; a goblin corpse
Found a stone staircase leading up.
f - a scroll labelled USAIK GOIDGH
Found 18 stones.
As you read the scroll labelled USAIK GOIDGH, it crumbles to dust.
It is a scroll of brand weapon.
Your +1 shortbow is covered with a thin layer of ice!
a - a +1 shortbow of freezing (weapon)
A steam dragon and a hobgoblin come into view.
Found a quarterstaff.
You see here 3 potions of curing {@q1}.
You shoot an arrow.
The arrow hits the steam dragon but does no damage.
The steam dragon breathes steam at you. The ball of steam hits you.
HP: 42/44 (-2) ===========- You shoot an arrow.
The arrow hits the steam dragon.
The arrow freezes the steam dragon.
The steam dragon is moderately wounded.
You shoot an arrow. The arrow hits the steam dragon.
The arrow freezes the steam dragon.
The steam dragon is moderately wounded.
The steam dragon bites you! The steam dragon closely misses you.
HP: 35/44 (-7) =========--- !
The steam dragon breathes steam at you. The ball of steam hits you!
* * * LOW HITPOINT WARNING * * *
You hear a shout!
HP: 20/44 (-16) =====------- !!!
The steam dragon breathes steam at you. The ball of steam hits you!!
Ouch! That really hurt!
You die...

.# ... g.....#
.........#..## #.## ).....#
..........# ..# #..##
......# ..........# .. #..#
......# ..........# #.
##.##......# ..........#
#.#####..!......#
..........#
#..§.g...########
#.........#####§..##....(.#
#.....<..[).##.D.##......#
########.##..#§..####....#
.........@...........#
##########...#####...#
#...# ...# #.<.# ...# #...#
#### #####


You could see a steam dragon (catching breath) and a hobgoblin.

Vanquished Creatures
  A centaur (D:3)
  Jessica (D:2)
  Terence (D:2)
  Natasha (thrice) (D:3)
  An adder (D:2)
  3 worms
  A dart slug (D:2)
  5 ball pythons
  A bat (D:2)
  3 endoplasms
  6 giant cockroaches
  11 goblins
  6 hobgoblins
  2 jackals (D:2)
  3 quokkas
  2 frilled lizards
  6 kobolds
  4 rats
60 creatures vanquished.

Notes
Turn   | Place    | Note
-------+----------+-------------------------------------------
     0 | D:1      | CannotBeFrozen the Human Hunter began the quest for the
                  | Orb.
     0 | D:1      | Reached XP level 1. HP: 16/16 MP: 1/1
   127 | D:1      | Reached XP level 2. HP: 22/22 MP: 2/2
   206 | D:1      | Found a faded altar of an unknown god.
   511 | D:1      | Reached XP level 3. HP: 27/27 MP: 3/3
   865 | D:2      | Noticed Jessica
   868 | D:2      | Killed Jessica
   869 | D:2      | Reached skill level 5 in Bows
   869 | D:2      | Reached XP level 4. HP: 33/33 MP: 4/4
   953 | D:2      | Noticed Terence
  1400 | D:2      | Killed Terence
  1791 | D:2      | Reached skill level 6 in Bows
  1791 | D:2      | Reached XP level 5. HP: 32/38 MP: 5/5
  2194 | D:3      | Noticed Natasha
  2205 | D:3      | Killed Natasha
  2313 | D:3      | Noticed a centaur
  2357 | D:3      | Killed a centaur
  2358 | D:3      | Reached XP level 6. HP: 18/44 MP: 6/6
  2606 | D:3      | Reached skill level 7 in Bows
  2621 | D:3      | Noticed Natasha
  2850 | D:3      | Killed Natasha
  2875 | D:3      | Noticed Natasha
  2886 | D:3      | Killed Natasha
  2995 | D:4      | Noticed a steam dragon
  3007 | D:4      | Killed from afar by a steam dragon

Illustrated notes

Levels and vault maps discovered:
D:1:      scummos_arrival_star, layout_basic, ebering_ecumenical_altar_webs,
          hex_medium
D:2:      layout_loops_ring, minmay_pentomino_v4, uniq_jessica, uniq_terence
D:3:      layout_rooms, kennysheep_generic_room_9, uniq_natasha
D:4:      layout_rooms, lemuel_mausoleum_altar_kikubaaqudgha,
          amcnicky_altar_gilded

Skill      XL: |  1  2  3  4  5  6 |
---------------+-------------------+-----
Bows           | 5 6 7 |  7.4
Fighting       | |  2.0
Dodging        | |  2.0
Stealth        | |  1.0

Action                   |  1- 3 |  4- 6 || total
-------------------------+-------+-------++-------
Melee: Dagger            |     5 |       ||     5
       Short sword       |       |    14 ||    14
 Fire: Shortbow          |    55 |   120 ||   175
Throw: Dart              |       |     8 ||     8
  Use: Scroll            |       |     6 ||     6
Armor: Leather armour    |     2 |    24 ||    26
Dodge: Dodged            |     6 |    53 ||    59

Table legend: (Time is in decaauts)
 A = Elapsed time spent in this place.
 B = Non-inter-level travel time spent in this place.
 C = Inter-level travel time spent in this place.
 D = Time resting spent in this place.
 E = Time spent auto-exploring this place.
 F = Levels seen in this place.
 G = Mean time per level.
                   A        B        C        D        E       F      G
               +--------+--------+--------+--------+--------+-----+--------+
         Total |   3046 |   2974 |     72 |    305 |   2027 |   4 |  761.5 |
       Dungeon |   3046 |   2974 |     72 |    305 |   2027 |   4 |  761.5 |
               +--------+--------+--------+--------+--------+-----+--------+

Top non-repeatable levels by time:
     D:2: 1120 daAuts
     D:1: 1024 daAuts
     D:3: 851 daAuts
     D:4: 50 daAuts
